 Dungeon Sprint DCSS version 0.30.0-15-g856e2d3f33 (webtiles) character file.

Game seed: 8761996137263758762

3500000 bmack86 the Champion of Chaos (level 20, -74/216 HPs)
             Began as a Green Draconian Fire Elementalist on May 19, 2023.
             Was the Champion of Makhleb.
             Annihilated by The Servant
             ... wielding a +9 glaive of flaming
              (140 damage)
             ... in the Dungeon (Sprint VIII: "Arena of Blood").
             The game lasted 00:03:10 (35 turns).

bmack86 the Champion of Chaos (DrFE)                  Turns: 35, Time: 00:03:10

Health: -74/216    AC: 10    Str: 17    XL:     20   Next: 87%
Magic:  8/45       EV: 25    Int: 17    God:    Makhleb [******]
Gold:   0          SH:  0    Dex: 13    Spells: 60/61 levels left

rFire   . . .        g - +∞ Axe of Woe
rCold   . . .        (shield currently unavailable)
rNeg    . . .        (body armour unavailable)
rPois   +            (helmet restricted)
rElec   .            (no cloak)
rCorr   .            (no gloves)
SInv    .            (no boots)
Will    +....        (no amulet)
Stlth   +++++++++    (no ring)
HPRegen 0.56/turn    (no ring)
MPRegen 0.29/turn

%: no teleportation
@: no status effects
A: breathe noxious fumes, AC +10, unfitting armour, stinger 1, poison
resistance, cold-blooded
a: Breathe Noxious Fumes, Renounce Religion, Minor Destruction, Lesser Servant
of Makhleb, Major Destruction, Greater Servant of Makhleb


You were in the Dungeon.
You worshipped Makhleb.
Makhleb was exalted by your worship.
You visited 1 branch

Inventory:

Hand Weapons
 g - the +∞ Axe of Woe (weapon)
   (You found it in the Dungeon)
Scrolls
 f - a scroll of blinking
Potions
 a - 3 potions of magic
 b - a potion of curing
 c - a potion of heal wounds
 d - a potion of haste
 e - a potion of berserk rage


   Skills:
 O Level 27 Fighting
 O Level 27 Axes
 + Level 23.0(27) Maces & Flails
 + Level 23.0(27) Polearms
 O Level 27 Dodging
 O Level 27 Stealth
 + Level 23.0 Unarmed Combat
 + Level 21.4 Spellcasting
 + Level 23.0 Conjurations
 + Level 23.2 Fire Magic
 O Level 27 Invocations


You had 60 spell levels left.
You knew the following spells:

 Your Spells              Type           Power      Damage    Failure   Level
a - Foxfire               Conj/Fire      100%       2x1d9     0%          1

Your spell library contained the following spells:

 Spells                   Type           Power      Damage    Failure   Level
 Scorch                   Fire           100%       2d9       0%          2
 Flame Wave               Conj/Fire      77%        2d17      0%          4
 Inner Flame              Hex/Fire       55%        N/A       1%          3
 Volatile Blastmotes      Fire/Tloc      100%       2d18      1%          3


Dungeon Overview and Level Annotations

Branches:
Dungeon (1/1)

Altars:
Makhleb

Annotations:
D The Servant


Innate Abilities, Weirdness & Mutations

You can breathe blasts of noxious fumes.
Your lurid green scales are hard. (AC +10)
You cannot fit into any form of body armour.
Your tail ends in a venomous barb.
Your system is resistant to poisons. (rPois)
You are cold-blooded and may be slowed by cold attacks.


Message History

Your Spellcasting skill gained 2 levels and is now at level 21!
Your Conjurations skill gained 3 levels and is now at level 23!
Your Fire Magic skill gained 3 levels and is now at level 23!
You are engulfed in blazing flames.
You hear a shout! x3
The Servant hits you from afar with a +9 glaive of flaming!!!
The Servant burns you!
You hear a shout!
The destroyer points at you and mumbles some strange words.
The destroyer blinks!
You hear a shout! x4
The sculptor of flesh appears out of thin air!
A sculptor of flesh comes into view. It is wielding a +9 great sword.
The sculptor of flesh appears out of thin air!
A sculptor of flesh comes into view. It is wielding a +9 great sword.
You are engulfed in blazing flames.
You hear a shout! x2
The Servant hits you from afar with a +9 glaive of flaming!!
The Servant burns you.
You hear a shout! x3
The large bag of meat is engulfed in blazing flames.
You hear a shout! x2
The destroyer points at you and mumbles some strange words.
The destroyer blinks!
You hit the large bag of meat but do no damage.
You slaughter the large bag of meat joyfully.
Makhleb accepts your kill.
You feel better.
The large bag of meat explodes!
The fiery explosion engulfs you!!
The fiery explosion engulfs The Servant!!!
The fiery explosion engulfs the destroyer!!
The destroyer appears out of thin air!
A destroyer comes into view. It is wielding a +9 heavy great sword.
You are engulfed in blazing flames.
The destroyer shouts!
You hear a shout! x6
The Servant is engulfed in blazing flames.
The Servant hits you from afar with a +9 glaive of flaming!!!!
Ouch! That really hurt!
You die...

.....##. #.#
....... .. ..
###.....##.##..
...............
....z.....#.#..
.....§§§...zo..
#.....)§§V.....
.#....)@°@...V.
.......§§§.....
.V.....V.§.....
...zz#.......#.
.....#.))....#
...###).)....###.
......))###......
#........_......
......#.....#..


You could see The Servant, 4 destroyers, 4 sculptors of flesh and a bag of meat.

Vanquished Creatures
  A vampire knight (D)
  10 ogres (D)
  3 two-headed ogres (D)
  32 orcs (D)
46 creatures vanquished.

Notes
Turn   | Place    | Note
-------+----------+-------------------------------------------
     0 | D        | Found the +∞ Axe of Woe
     0 | D        | bmack86 the Draconian Fire Elementalist began the quest for
                  | the Orb.
     0 | D        | Reached XP level 1. HP: 14/14 MP: 3/3
     1 | D        | Noticed a bag of meat
     3 | D        | Became a worshipper of Makhleb the Destroyer
     5 | D        | Noticed a bag of meat
     5 | D        | Noticed a bag of meat
     6 | D        | Noticed a bag of meat
     6 | D        | Noticed a bag of meat
     6 | D        | Noticed a bag of meat
     6 | D        | Noticed a meat berserker
     7 | D        | Noticed a bag of meat
     7 | D        | Noticed a meat berserker
     8 | D        | Killed a meat berserker
     8 | D        | Noticed a meat berserker
     8 | D        | Noticed a meat berserker
     8 | D        | Noticed a meat berserker
     9 | D        | Reached XP level 2. HP: 47/47 MP: 3/10
     9 | D        | Reached XP level 3. HP: 53/53 MP: 3/11
     9 | D        | Reached XP level 4. HP: 61/61 MP: 3/13
     9 | D        | Reached XP level 5. HP: 68/68 MP: 3/14
     9 | D        | Reached XP level 6. HP: 75/75 MP: 3/16
     9 | D        | Your scales start taking on a lurid green colour.
     9 | D        | Reached XP level 7. HP: 82/82 MP: 3/17
     9 | D        | Gained mutation: Your system is resistant to poisons.
                  | (rPois) [Green Draconian growth]
     9 | D        | Reached XP level 8. HP: 90/90 MP: 3/19
     9 | D        | Reached XP level 9. HP: 96/96 MP: 3/20
     9 | D        | Reached XP level 10. HP: 104/104 MP: 3/21
     9 | D        | Reached XP level 11. HP: 111/111 MP: 3/22
     9 | D        | Killed a meat berserker
     9 | D        | Reached * piety under Makhleb
     9 | D        | Killed a bag of meat
    10 | D        | Reached skill level 15 in Dodging
    10 | D        | Reached XP level 12. HP: 127/127 MP: 3/25
    10 | D        | Reached XP level 13. HP: 134/134 MP: 3/26
    10 | D        | Killed a bag of meat
    10 | D        | Killed a bag of meat
    10 | D        | Reached ** piety under Makhleb
    10 | D        | Killed a meat berserker
    11 | D        | Gained mutation: Your tail ends in a venomous barb. [Green
                  | Draconian growth]
    11 | D        | Reached XP level 14. HP: 149/149 MP: 3/28
    11 | D        | Killed a bag of meat
    11 | D        | Noticed a meat berserker
    12 | D        | Killed a bag of meat
    12 | D        | Reached *** piety under Makhleb
    13 | D        | Reached XP level 15. HP: 160/160 MP: 3/29
    13 | D        | Killed a meat berserker
    13 | D        | Reached **** piety under Makhleb
    13 | D        | Killed a meat berserker
    14 | D        | Reached XP level 16. HP: 176/176 MP: 4/32
    14 | D        | Killed a meat berserker
    16 | D        | Noticed a meat berserker
    18 | D        | Noticed a meat berserker
    19 | D        | Noticed a meat berserker
    21 | D        | Killed a meat berserker
    21 | D        | Reached ***** piety under Makhleb
    22 | D        | Reached XP level 17. HP: 190/190 MP: 5/34
    22 | D        | Noticed a destroyer
    23 | D        | Reached skill level 27 in Fighting
    23 | D        | Reached skill level 5 in Spellcasting
    23 | D        | Reached skill level 5 in Conjurations
    23 | D        | Reached skill level 5 in Fire Magic
    23 | D        | Reached skill level 27 in Invocations
    23 | D        | Noticed a large bag of meat
    24 | D        | Noticed a large bag of meat
    25 | D        | Killed a meat berserker
    25 | D        | Reached ****** piety under Makhleb
    25 | D        | Killed a meat berserker
    26 | D        | Reached skill level 27 in Axes
    26 | D        | Reached skill level 27 in Stealth
    26 | D        | Reached XP level 18. HP: 200/200 MP: 6/35
    26 | D        | Noticed a large bag of meat
    26 | D        | Noticed a meat berserker
    27 | D        | Noticed a destroyer
    28 | D        | Reached skill level 15 in Spellcasting
    28 | D        | Reached XP level 19. HP: 207/207 MP: 6/38
    29 | D        | Noticed The Servant
    29 | D        | Noticed a destroyer
    30 | D        | Reached skill level 27 in Dodging
    31 | D        | Reached XP level 20. HP: 216/216 MP: 7/42
    31 | D        | Killed a large bag of meat
    31 | D        | Noticed a destroyer
    32 | D        | Killed a large bag of meat
    32 | D        | Killed a meat berserker
    32 | D        | Killed a destroyer
    35 | D        | Killed a large bag of meat
    35 | D        | Noticed a destroyer
    35 | D        | Annihilated by The Servant

Illustrated notes

Levels and vault maps discovered:
D:        meatsprint

Skill      XL: |  1  2  3  4  5  6  7  8  9 10 11 12 13 14 15 16 17 18 19 20 |
---------------+-------------------------------------------------------------+-----
Fighting       | 14 18 20 21 24 26 27 | 27.0
Axes           | 13 16 19 20 22 25 27 | 27.0
Dodging        | 12 15 17 18 21 23 25 26 27 | 27.0
Stealth        | 13 16 19 20 22 25 27 | 27.0
Invocations    | 14 18 20 21 24 26 27 | 27.0
Maces & Flails | 11 16 19 23 | 23.0
Polearms       | 12 16 19 23 | 23.0
Unarmed Combat | 12 16 19 23 | 23.0
Spellcasting   | 11 15 18 21 | 21.4
Conjurations   | 12 16 19 23 | 23.0
Fire Magic     | 12 16 19 23 | 23.2

Action                     |  1- 3 |  4- 6 |  7- 9 | 10-12 | 13-15 | 16-18 | 19-21 || total
---------------------------+-------+-------+-------+-------+-------+-------+-------++-------
  Melee: Executioner's axe |     1 |       |       |     1 |     4 |     7 |     5 ||    18
  Dodge: Dodged            |       |       |       |     1 |       |     2 |       ||     3
